 Dungeon Crawl Stone Soup version 0.32-a0-872-g59262bdc9b (webtiles) character file.

Game seed: 7699018506205238855

6 pokeman the Magician (level 1, 0/10 HPs)
             Began as a Deep Elf Hedge Wizard on Mar 31, 2024.
             Succumbed to a kobold's poison
             ... on level 1 of the Dungeon.
             The game lasted 00:00:23 (419 turns).

pokeman the Magician (Deep Elf Hedge Wizard)         Turns: 419, Time: 00:00:24

Health: 0/10       AC:  3    Str:  7    XL:     1   Next: 75%
Magic:  1/8        EV: 11    Int: 18    God:
Gold:   0          SH:  0    Dex: 14    Spells: 8/9 levels left

rFire   . . .        a - +0 dagger
rCold   . . .        (no shield)
rNeg    . . .        b - +0 robe
rPois   .            c - +0 hat
rElec   .            (no cloak)
rCorr   .            h - +0 pair of gloves
SInv    .            (no boots)
Will    .....        (no amulet)
Stlth   ++           (no ring)
HPRegen 0.21/turn    (no ring)
MPRegen 0.11/turn

%: no passive effects
@: lethally poisoned (0 -> -4)
A: no striking features
a: no special abilities


You were on level 1 of the Dungeon.
You visited 1 branch of the dungeon, and saw 1 of its levels.

Inventory:

Hand Weapons
 a - a +0 dagger (weapon)
Armour
 b - a +0 robe (worn)
 c - a +0 hat (worn)
 h - a +0 pair of gloves (worn)
Scrolls
 f - 2 scrolls of revelation {unknown}
 i - a scroll of noise {unknown}
 k - a scroll of identify {unknown}
Potions
 d - a potion of magic
 e - 2 potions of curing {unknown}
 g - a potion of might {unknown}
 j - a potion of enlightenment {unknown}


   Skills:
 + Level 0.2 Fighting
 + Level 0.2 Armour
 - Level 2.4 Dodging
 - Level 2.4 Stealth
 * Level 4.6 Spellcasting
 + Level 1.3 Conjurations
 - Level 1.1 Summonings
 - Level 1.1 Translocations


You had 8 spell levels left.
You knew the following spells:

 Your Spells              Type           Power      Damage    Failure   Level
a - Magic Dart            Conj           32%        1d4       9%          1

Your spell library contained the following spells:

 Spells                   Type           Power      Damage    Failure   Level
 Blink                    Tloc           16%        N/A       13%         2
 Call Imp                 Summ           16%        N/A       13%         2
 Slow                     Hex            16%        N/A       14%         1
 Cigotuvi's Dreadful Rot  Necr/Alch/Air  8%         N/A       22%         2
 Mephitic Cloud           Conj/Alch/Air  5%         N/A       34%         3


Dungeon Overview and Level Annotations

Branches:
Dungeon (1/15)

Altars:


Message History

Aiming: Magic Dart (safe; 9% risk of failure)
Press: ? - help, Shift-Dir - straight line, f - kobold
Aim: a kobold, wielding a +2 dagger of venom (100% to hit)
The magic dart hits the kobold.
The kobold is moderately wounded.
Casting: Magic Dart (safe; 9% risk of failure)
Confirm with . or Enter, or press ? or * to list all spells.
Aiming: Magic Dart (safe; 9% risk of failure)
Press: ? - help, Shift-Dir - straight line, f - goblin
Aim: a goblin, wielding a +0 club (100% to hit)
The magic dart hits the goblin.
The goblin is heavily wounded.
Your magical contamination has completely faded away.
Casting: Magic Dart (safe; 9% risk of failure)
Confirm with . or Enter, or press ? or * to list all spells.
Aiming: Magic Dart (safe; 9% risk of failure)
Press: ? - help, Shift-Dir - straight line, f/p - goblin
Aim: a goblin, wielding a +0 club (heavily wounded, 100% to hit)
The magic dart hits the goblin.
You kill the goblin!
Casting: Magic Dart (safe; 9% risk of failure)
Confirm with . or Enter, or press ? or * to list all spells.
You don't have enough magic to cast this spell.
Unknown command.
Casting: Magic Dart (safe; 9% risk of failure)
Confirm with . or Enter, or press ? or * to list all spells.
You don't have enough magic to cast this spell.
Unknown command.
You closely miss the kobold. The kobold misses you.
You closely miss the kobold.
The kobold hits you with a +2 dagger of venom.
You are lethally poisoned!
You barely miss the kobold.
You feel very sick. The kobold closely misses you.
* * * LOW HITPOINT WARNING * * *
You feel sick.
* * * LOW HITPOINT WARNING * * *
You feel sick.
You die...

##...#.# #
##....♣.♣
#.##.......##
...##.#.........#
......)....)....+
#.........#
##K......#
##.....## ##@..##
##'## #.# #.#
##.#####
##......#
.######.....#....
............# ##
########....#


You could see a kobold.

Vanquished Creatures
  An endoplasm (D:1)
  A quokka (D:1)
  3 goblins (D:1)
5 creatures vanquished.

Notes
Turn   | Place    | Note
-------+----------+-------------------------------------------
     0 | D:1      | pokeman the Deep Elf Hedge Wizard began the quest for the
                  | Orb.
     0 | D:1      | Reached XP level 1. HP: 10/10 MP: 7/7
   419 | D:1      | Succumbed to a kobold's poison

Illustrated notes

Levels and vault maps discovered:
D:1:      lightli_arrival_isolated_outpost, layout_loops_corners, serial_forest,
          infiniplex_forest_clump_small, infiniplex_forest_lined_corner,
          infiniplex_forest_clump_tiny, infiniplex_forest_end_2,
          infiniplex_forest_zigzag_1, infiniplex_forest_clump_tiny,
          hellmonk_ecumenical_altar_crossroads, roderic_roman_lattice

Action                     || total
---------------------------++-------
  Melee: Dagger            ||     3
   Cast: Magic Dart        ||    14
 Armour: Robe              ||     1
  Dodge: Dodged            ||     2

Table legend: (Time is in decaauts)
 A = Elapsed time spent in this place.
 B = Non-inter-level travel time spent in this place.
 C = Inter-level travel time spent in this place.
 D = Time resting spent in this place.
 E = Time spent auto-exploring this place.
 F = Levels seen in this place.
 G = Mean time per level.
                   A        B        C        D        E       F      G
               +--------+--------+--------+--------+--------+-----+--------+
         Total |    422 |    422 |      0 |      0 |    377 |   1 |  422.0 |
       Dungeon |    422 |    422 |      0 |      0 |    377 |   1 |  422.0 |
               +--------+--------+--------+--------+--------+-----+--------+

Top non-repeatable levels by time:
     D:1: 422 daAuts
